Cogmind - Beta 17 @@@ ROGUE MODE // 2026.07.26 @ 20:19:17 // Winter2019/RPGLIKE Player: [THREAT] Result: Destroyed self with Grenade Launcher Performance ------------- Evolutions (0) 0 Regions Visited (2) 400 Robots Destroyed (32) 160 Value Destroyed (594) 594 Prototype IDs (0) 0 Alien Tech Used (0) 0 Bonus (15) 15 TOTAL SCORE: 1169 Bonus ------- Follower Combat Kills 35 Friendly Fire -20 Cogmind --------- Core Integrity 0/600 Matter 203/300 Energy 550/550 System Corruption 0% Temperature Cool (0) Movement Walking (120) Location -10/Mines Parts ------- > --- POWER (2) -------- Ion Engine Ion Engine > --- PROPULSION (3) --- Aluminum Leg Aluminum Leg Aluminum Leg > --- UTILITY (3) ------ Heat Sink Heat Sink Medium Battery > --- WEAPON (2) ------- Beam Cannon Grenade Launcher > --- INVENTORY (1) ---- Small Laser Peak State ------------ > --- POWER ------------ Ion Engine Ion Engine > --- PROPULSION ------- Aluminum Leg Aluminum Leg Aluminum Leg > --- UTILITY ---------- Heat Sink Heat Sink Medium Battery > --- WEAPON ----------- Beam Cannon Grenade Launcher > --- INVENTORY -------- Small Laser [Rating: 10] Favorites ----------- Power Ion Engine Engine Ion Engine Propulsion Aluminum Leg Leg Aluminum Leg Utility Heat Sink Device Heat Sink Storage Medium Battery Weapon Small Laser Energy Gun Small Laser Energy Cannon Beam Cannon Launcher Grenade Launcher Build | -11 -10 -10 ------- Run | Yrd Mat Min Slots Evolved 6 | 4 2 . Power 1 | . 1 . Propulsion 2 | 1 1 . Utility 2 | 2 . . Weapon 1 | 1 . . Parts Attached 19 | 5 13 1 Power 5 | 1 4 . Engine 5 | 1 4 . Core . | . . . Reactor . | . . . Propulsion 4 | 2 1 1 Treads . | . . . Leg 4 | 2 1 1 Wheel . | . . . Hover . | . . . Flight . | . . . Utility 4 | . 4 . Device 3 | . 3 . Storage 1 | . 1 . Processor . | . . . Hackware . | . . . Protection . | . . . Artifact . | . . . Weapon 6 | 2 4 . Energy Gun 4 | 2 2 . Energy Cannon 1 | . 1 . Ballistic Gun . | . . . Ballistic Cannon . | . . . Launcher 1 | . 1 . Special Weapon . | . . . Impact Weapon . | . . . Slashing Weapon . | . . . Piercing Weapon . | . . . Special Melee Weapon . | . . . Unidentified Prototypes . | . . . Parts Lost . | . . . Power . | . . . Propulsion . | . . . Utility . | . . . Weapon . | . . . Highest Loss Streak . | . . . To Critical Strikes . | . . . Average Backups . | . . 1 Power . | . . . Propulsion . | . . . Utility . | . . . Weapon . | . . 1 Tool/Special . | . . . Unused Backups 1 | . 1 . Power . | . . . Propulsion . | . . . Utility . | . . . Weapon 1 | . 1 . Tool/Special . | . . . Average Slot Usage (%) 87 | . 86 91 Engine 14 | . 12 20 Leg 23 | . 24 21 Device 15 | . 13 20 Storage 10 | . 10 10 Energy Gun 18 | . 22 5 Energy Cannon 3 | . 1 10 Launcher 1 | . . 4 Peak Build Rating 10 | 5 9 10 Average Rating 7 | 3 7 9 On Entrance 4 | . 5 9 Avg Prop Armor Cover (%) . | . . . Naked Turns . | . . . Heaviest Build 20 | 7 18 20 Greatest Support 30 | 20 20 30 Greatest Overweight (x) . | . . . Average Overweight (x) . | . . . Largest Inventory Capacity 1 | 1 1 1 Average Capacity 1 | 1 1 1 Most Carried 1 | 1 1 1 Average Carried . | . . 1 Final Capacity 1 | 1 1 1 Final Carried 1 | 1 1 1 Class Distribution -------------------- 58% | Scavenger-Mutant 41% | Mutant Dominant Class ---------------- Scavenger-Mutant | -10/Materials Scavenger-Mutant | -10/Mines Resources | -11 -10 -10 ----------- Run | Yrd Mat Min Matter Collected 577 | 250 124 203 Remotely . | . . . Salvage Created 836 | 98 676 62 Parts 56 | 1 46 9 Haulers Intercepted 2 | . 2 . Recyclers Shooed 6 | . 6 . Parts Field Recycled . | . . . Retrieved Matter . | . . . Parts Self-Destructed . | . . . Prevented . | . . . Parts Restored . | . . . Kills | -11 -10 -10 ------- Run | Yrd Mat Min Combat Hostiles Destroyed 33 | . 15 18 Guns 12 | . 9 3 Cannons 4 | . . 4 AOE 17 | . 6 11 Classes Destroyed 11 | 1 7 3 Worker 1 | . 1 . Builder 2 | . 2 . Tunneler 1 | . . 1 Hauler 2 | . 2 . Recycler 3 | 1 2 . Operator 1 | . 1 . Watcher 2 | . 2 . Swarmer 9 | . 6 3 Grunt 10 | . 9 1 Demolisher 1 | . . 1 Assembled 13 | . . 13 Best Kill Streak 15 | 1 9 15 Combat Bots Only 9 | . 6 9 Max Kills in Single Turn 3 | 1 3 2 Gunslinging . | . . . Exploded 3 | . 3 2 Melee . | . . . Uniques/NPCs Destroyed . | . . . Combat | -11 -10 -10 -------- Run | Yrd Mat Min Hostile Shots Fired 105 | . 77 28 Missed 20 | . 14 6 Hits 85 | . 63 22 Melee 3 | . . 3 Projectile 82 | . 63 19 AOE 4 | . . 4 Damage Taken 1325 | . 686 639 Core 1066 | . 546 520 Absorbed by Shields . | . . . Redirected to Core 849 | . 440 409 Core Remaining (%) 100 | 100 . . Volleys Fired 107 | 2 79 26 Largest 2 | 2 2 2 Hottest 100 | 80 100 100 Shots Fired 189 | 4 150 35 Gun 150 | 4 137 9 Cannon 16 | . 5 11 Launcher 23 | . 8 15 Special . | . . . Kinetic . | . . . Thermal 166 | 4 142 20 Explosive 23 | . 8 15 Electromagnetic . | . . . Robot Hit Streak 21 | 3 21 5 Robot Miss Streak 4 | . 4 3 Penetration Max . | . . . Secondary Targets 3 | . 3 . Max Gunslinging Chain 1 | . 1 . Shots Hit Robots 126 | 3 102 21 Core Hits 79 | 2 40 37 Critical Kills . | . . . Critical Parts Destroyed . | . . . Critical Strikes . | . . . Melee Attacks . | . . . Impact . | . . . Slashing . | . . . Piercing . | . . . Sneak Attacks . | . . . Combat Hostiles . | . . . Follow-up Attacks . | . . . Damage Inflicted 2748 | 31 1587 1130 Guns 1184 | 31 1067 86 Cannons 212 | . 89 123 Explosions 1332 | . 411 921 Melee . | . . . Ramming 20 | . 20 . Kinetic . | . . . Thermal 1396 | 31 1156 209 Explosive 1332 | . 411 921 Electromagnetic . | . . . Impact . | . . . Slashing . | . . . Piercing . | . . . Highest Corruption . | . . . Average Corruption . | . . . Corruption Purged . | . . . Corruption Blocked . | . . . Overload Shots . | . . . Overflow Damage 34 | . 16 18 Projectiles 16 | . 16 . Explosions 18 | . . 18 Melee . | . . . Knockbacks . | . . . Impact . | . . . Kinetic . | . . . Secondary . | . . . Self-Inflicted Damage 197 | . 30 167 Shots 8 | . 2 6 Rammed . | . . . Targets Rammed 4 | . 4 . Kicked 4 | . 4 . Crushed . | . . . Highest Temperature . | . . . Average Temperature . | . . . Received Heat Transfer 337 | . 267 70 Siege Activations . | . . . Martial Activations . | . . . Shielding Activations . | . . . Robots Disrupted . | . . . Combat Hostiles . | . . . Robots Corrupted 1 | . 1 . Combat Hostiles . | . . . Parts Fried 3 | . 3 . Impact Corruptions 1 | . 1 . Robots Melted . | . . . Combat Hostiles . | . . . Parts Melted 2 | . 2 . Heat Transferred 3169 | 75 2635 459 Parts Sabotaged . | . . . Parts Stolen . | . . . Parts Stripped . | . . . Power Chain Reactions . | . . . Alert | -11 -10 -10 ------- Run | Yrd Mat Min Maximum Alert Level 1 | . 1 1 Low Security (%) 78 | 100 89 28 Level 1 21 | . 10 71 Level 2 . | . . . Level 3 . | . . . Level 4 . | . . . Level 5 . | . . . High Security . | . . . Max Security . | . . . Peak Influence 298 | 5 298 247 Initial 109 | . . 109 Average 107 | . 95 195 Influence Increases 692 | 5 487 200 Destroy 0b10 Robot/C 420 | . 300 120 Destroy 0b10 Robot/NC 60 | 5 50 5 Destroy Leader 78 | . 58 20 Allied During Kill 16 | . . 16 Successful Hack 28 | . 28 . Disable Machine 15 | . 15 . Destroy Structure 75 | . 36 39 Influence Decreases 473 | 5 205 263 Entered New Map 173 | . . 173 Time Decay 280 | 5 205 70 Lost Ally 20 | . . 20 Squads Dispatched 3 | . 3 . Investigation 2 | . 2 . Extermination . | . . . Reinforcement 1 | . 1 . Assault . | . . . Garrison . | . . . Intercept . | . . . Searches Triggered . | . . . Construction Impeded . | . . . Haulers Reinforced . | . . . Active Scanning Responses . | . . . Cargo Convoy Interrupts . | . . . Stealth | -11 -10 -10 --------- Run | Yrd Mat Min Distress Signals 4 | . 4 . Communications Jammed . | . . . Distress Signals . | . . . Times Spotted 46 | . 24 22 Peak Tracking Total 6 | . 5 6 Tactical Retreats . | . . . Traps | -11 -10 -10 ------- Run | Yrd Mat Min Traps Triggered 2 | . 2 . Indirectly . | . . . Trap Hack Attempts . | . . . Triggered . | . . . Disarmed . | . . . Reprogrammed 5 | . 5 . Reused . | . . . Traps Extracted . | . . . Installed . | . . . Triggered . | . . . Machines | -11 -10 -10 ---------- Run | Yrd Mat Min Machines Disabled 1 | . 1 . Max in Single Turn 1 | . 1 . Machines Repaired . | . . . Machines Dismantled . | . . . Machines Sabotaged . | . . . Overloaded Fab Kills . | . . . Hacking | -11 -10 -10 --------- Run | Yrd Mat Min Machines Accessed 4 | . 4 . Terminals 3 | . 3 . Fabricators . | . . . Repair Stations . | . . . Recycling Units 1 | . 1 . Scanalyzers . | . . . Garrison Access . | . . . Total Hacks 11 | . 11 . Successful 7 | . 7 . Failed 4 | . 4 . Catastrophic . | . . . Database Lockouts . | . . . Manual 7 | . 7 . Terminals 9 | . 9 . Fabricators . | . . . Repair Stations . | . . . Recycling Units 2 | . 2 . Scanalyzers . | . . . Garrison Access . | . . . Terminal Hacks 3 | . 3 . Locate Traps 2 | . 2 . Reprogram Traps 1 | . 1 . Fabricator Hacks . | . . . Repair Station Hacks . | . . . Recycling Unit Hacks 2 | . 2 . Report Inventory 1 | . 1 . Retrieve Components 1 | . 1 . Scanalyzer . | . . . Garrison Access Hacks . | . . . Unauthorized Hacks 2 | . 2 . Terminals 2 | . 2 . Botnet 2 | . 2 . Fabricators . | . . . Repair Stations . | . . . Recycling Units . | . . . Scanalyzers . | . . . Garrison Access . | . . . Data Cores Recovered . | . . . Used . | . . . Hacking Detections 4 | . 4 . Full Trace Events 1 | . 1 . Feedback Events . | . . . Feedback Blocked . | . . . Robot Schematics Acquired . | . . . Robots Built . | . . . Authchips . | . . . Time . | . . . Total Robot Build Rating . | . . . Part Schematics Acquired . | . . . Parts Built . | . . . Authchips . | . . . Time . | . . . Total Part Build Rating . | . . . Part Studies Acquired . | . . . Parts Repaired . | . . . Time . | . . . Parts Recycled . | . . . Recycled Matter . | . . . Retrieved Matter . | . . . Retrieved Components 10 | . 10 . Parts Scanalyzed . | . . . Part Schematics Acquired . | . . . Parts Damaged . | . . . Bothacking | -11 -10 -10 ------------ Run | Yrd Mat Min Used RIF Installer . | . . . Robots Hacked . | . . . Non-combat . | . . . Combat . | . . . Robot Hacks Applied . | . . . Relay Couplers Released . | . . . Fabnet Peak Effective % . | . . . Robots Rewired . | . . . Allies Hacked . | . . . Hacks Repelled . | . . . Allies | -11 -10 -10 -------- Run | Yrd Mat Min Total Allies 2 | . . 2 Largest Group 2 | . . 2 Highest-Rated Group 51 | . . 51 Highest-Rated Ally 31 | . . 31 Total Orders . | . . . Ally Attacks 13 | . . 13 Total Damage 207 | . . 207 Kills 2 | . . 2 Allies Corrupted . | . . . Allies Melted . | . . . Intel | -11 -10 -10 ------- Run | Yrd Mat Min Active Infowar (turns) . | . . . Robot Analysis Total . | . . . Derelict Logs Recovered 1 | . . 1 Drone Launches . | . . . Drone Recoveries . | . . . Exploration | -11 -10 -10 ------------- Run | Yrd Mat Min Turns Passed 766 | 64 550 152 Spaces Moved 335 | 44 220 71 Core 7 | 7 . . Treads . | . . . Legs 328 | 37 220 71 Wheels . | . . . Hover . | . . . Flight . | . . . Fastest Speed 50 | 50 120 120 Average Speed 118 | 108 120 120 Slowest Speed 120 | 120 120 120 Overloaded Moves . | . . . Propulsion Burnouts . | . . . Robots Hopped . | . . . Potential Cave-ins . | . . . Cave-ins Triggered . | . . . Exploration Rate (%) 26 | 4 54 21 Regions Visited 2 Branch Regions 1 Pre-discovered Areas . | . . . Known Exits Taken . | . . . Unknown Exits Taken 2 | 1 1 . Scrap Searched . | . . . Spaces Dug . | . . . Terrain Destroyed 105 | . 40 65 Melee . | . . . Projectile . | . . . AOE 105 | . 40 65 Terrain Rammed . | . . . Walls Destroyed . | . . . Machines Disabled . | . . . Actions | -11 -10 -10 --------- Run | Yrd Mat Min Total 514 | 56 355 103 Wait 4 | . 4 . Move 333 | 43 219 71 Hop . | . . . Pick Up 7 | 6 1 . Fast Attach 8 | . 7 1 Attach 5 | 5 . . Detach . | . . . Swap 12 | . 11 1 Drop 9 | . 9 . Fire 107 | 2 79 26 Melee . | . . . Ram . | . . . Kick 4 | . 4 . Crush . | . . . Escape Stasis . | . . . Rewire . | . . . Trap . | . . . Miscellaneous 25 | . 21 4 Route ------- -11/Scrapyard -10/Materials -10/Mines History --------- Turn | Location | Event 1 | -11/Scrapyard | Upgraded with Propulsion slot (x1) 1 | -11/Scrapyard | Upgraded with Utility slot (x2) 1 | -11/Scrapyard | Upgraded with Weapon slot (x1) 5 | -11/Scrapyard | Discovered new exit (range 16) 65 | -11/Scrapyard | Entered Materials 317 | -10/Materials | Build established: Mutant 558 | -10/Materials | Reached level 2 568 | -10/Materials | Upgraded with Power slot (x1) 568 | -10/Materials | Upgraded with Propulsion slot (x1) 597 | -10/Materials | Discovered new exit (range 16) 615 | -10/Materials | Entered Mines 624 | -10/Mines | Learned Materials stockpile data 625 | -10/Mines | Assembled infested the area 630 | -10/Mines | Assisted by a Guerilla fighting off Assembled 632 | -10/Mines | Build established: Scavenger-Mutant 659 | -10/Mines | Reached level 3 669 | -10/Mines | Core integrity fell below 50% 744 | -10/Mines | Destroyed 9 combat bots 763 | -10/Mines | Core integrity fell below 20% 767 | -10/Mines | Destroyed self with Grenade Launcher Last Messages --------------- The unstable cave ceiling collapses. U-05 Engineer lays Concrete. U-05 Engineer builds a Wall. U-05 Engineer lays Concrete. K-01 Serf collects debris. U-05 Engineer lays Concrete. K-01 Serf collects debris. U-05 Engineer lays Concrete. as-75485 destroyed. as-23587 destroyed. Destroyed Asb. Hover Unit. U-05 Engineer lays Concrete. U-05 Engineer builds a Wall. K-01 Serf collects debris. U-05 Engineer lays Concrete. as-76128 destroyed. U-05 Engineer lays Concrete. K-01 Serf collects debris. Destroyed Asb. Hover Unit. as-09594 destroyed. Map ----- +----------------------------------------------------+ | ?????????????????????????????????????????????????? | | ?????????????????????????????????????????????????? | | ?????????????????????????????????????????????????? | | ?????????????????????????????????????????????????? | | ?????????????????????????????????????????????????? | | ?????????????????????????????????????????????????? | | ?????????????????????????????????????????????????? | | ?????????????????????????????????????????????????? | | ?????????????????????????????????????????????????? | | ?????????????????????????????????????????????????? | | ?????????????????????????????????????????????????? | | ?????????????????????????????????????????????????? | | ???????????????????????????#?????????????????????? | | ??????????????????????????? ##???????????????????? | | ???????????????????????????" ##??????????????????? | | ??????????????????????????? ???????????????????? | | ??????????????????????????? ???????????????????? | | ??????????????????????????? #???????????????????? | | ??????????????????????????? #???????????????????? | | ?????????????????????###### #???????????????????? | | ?????????????????????# #???????????????????? | | ?????????????????????# a #???????????????????? | | ?????????????????????# ##??????????????????? | | ?????????????????????# #??????????????????? | | ???????????????????#?# #??????????????????? | | ???????????????????# ## @ #???####????????###? | | ???????????????????# #### ##??????## ## | | ???????????????????#### #?????## # | | ?????????????????????# ## #????## # | | ?????????????????????# u u # ##???## # | | ????????????????????## =k ####### # | | ???????????????????## ##?# | | ???????????????????# ##?# ## | | ???????????????????# #?# ### | | ???????????????????###### ### #?### | | ????????????????????????#### ## #???## # | | ???????????????????????????# # ## #????# ### | | ???????????????????????????### ### #????# #?? | | ?????????????????????????###### ##?# ###### #?? | | ?????????????????????????# ##### #?? | | ?????????????????????????# ### # %% ########?? | | ????????????????????????????# # ####????????? | | ???????????????????????????## # #???????????? | | ??????????????????????????## # ## ##?????? | | ??????????????????????????# [ = *|! #?????? | | ??????????????????????????# ## # #????? | | ??????????????????????????# # #??? | | ??????????????????????????## #? ? | | ???????????????????????????# # ####?#### ?? | | ???????????????????????????# ###????????? ?? | +----------------------------------------------------+ Best States ------------- Heat Dissipation 75 Energy Generation 15 Energy Capacity 550 Matter Stores 300 Matter Capacity 300 Sight Range 16 Terrain Scan Density 10 Evasion (%) 55 Offensive Hacking 5 Item Schematics ----------------- None Robot Schematics ------------------ None Fabricated ------------ Nothing Repaired ---------- Nothing Studied --------- None Alien Tech Used ----------------- None Achievements -------------- None Challenges ------------ None RPGLIKE | -11 -10 -10 --------- Run | Yrd Mat Min Levels Raised 2 | . 1 1 XP Earned 6162 | 3000 1945 1217 XP Spent 4500 | 3000 1500 . Upgrades 13 | 10 3 . Power Slot 1 | . 1 . Propulsion Slot 2 | 1 1 . Utility Slot 2 | 2 . . Weapon Slot 1 | 1 . . Heat Dissipation 5 | 5 . . Inventory Capacity 1 | 1 . . Hack Attack % 1 | . 1 . Protomatter Created 198 | . 150 48 Integrity Restored 519 | . 447 72 Core 455 | . 383 72 Parts 64 | . 64 . Protomatter Decayed 17 | . . 17 Game ------ Seed WaveRapidTriangulator Manual? 0 Play Time 00:11:16 Cumulative 89.9 hours Start 2026.07.26 @ 20:09:53 End 2026.07.26 @ 20:19:17 Sessions 1 Manual Loads 0 Difficulty Rogue Special Mode Winter2019/RPGLIKE Game No. 83 Rogue 53 Adventurer 30 Explorer 0 Win Type - Total 1 Types 1/0/0/0/0/0/0/0/0/0 Lore% 33 Gallery% 37 Achievement% 37 Wizard Run 0 Options --------- Layout 2 ASCII 0 Keyboard 0 Movement Numpad Keybinds 0 Fullscreen 1 Font 16/SmallcapsGlow Map View 25x24 Zoom Use 89% Tactical HUD 0 Map Filters NONE Filters NONE Steam 1 RUN: c83002b5-4812-4127-b9f6-7daa6ea213ce